 Dungeon Crawl Stone Soup version 0.31.0-9-g3a7656b989 (webtiles) character file.

Game seed: 630556576965835217

1283 stipulation the Grave Robber (level 8, -3/32 HPs)
             Began as a Vine Stalker Necromancer on Jan 25, 2024.
             Was a Follower of Hepliaklqana.
             Slain by a bombardier beetle (4 damage)
             ... on level 6 of the Dungeon.
             The game lasted 00:13:40 (5738 turns).

stipulation the Grave Robber (VSNe)                 Turns: 5738, Time: 00:13:40

Health: -3/32      AC:  2    Str: 11    XL:     8   Next: 54%
Magic:  0/19       EV: 12    Int: 17    God:    Hepliaklqana [*.....]
Gold:   65         SH:  0    Dex: 15    Spells: 17/21 levels left

rFire   . . .        e - +0 dagger
rCold   . . .        (no shield)
rNeg    . . .        a - +0 robe
rPois   .            (no helmet)
rElec   .            (no cloak)
rCorr   +            (no gloves)
SInv    .            (no boots)
Will    +....        (no amulet)
Stlth   +            h - ring of resist corrosion
HPRegen 1.05/turn    p - ring of flight
MPRegen 0.16/turn

%: guardian spirit
@: lethally poisoned (-3 -> -3), on fire, flying, glowing
A: reduced essence, fangs 3, regeneration 1, magic shield, antimagic bite, no
potion heal 2
a: Renounce Religion, Recall Ancestor, Ancestor Identity


You were on level 6 of the Dungeon.
You worshipped Hepliaklqana.
Hepliaklqana was aware of your devotion.
You visited 1 branch of the dungeon, and saw 6 of its levels.

You collected 289 gold pieces.
You spent 224 gold pieces at shops.

Inventory:

Hand Weapons
 e - a +0 dagger (weapon)
Armour
 a - a +0 robe (worn)
 g - a +0 leather armour
Jewellery
 h - a ring of resist corrosion (left hand)
 p - a ring of flight (right hand)
 w - a ring of willpower
Wands
 m - a wand of roots (5)
Scrolls
 d - a scroll of immolation
 i - 2 scrolls of teleportation
 l - a scroll of identify
 o - a scroll of fear
 q - a scroll of amnesia
 r - 2 scrolls of noise
 s - a scroll of vulnerability
 y - a scroll of blinking
Potions
 b - 3 potions of magic
 c - a potion of lignification
 f - a potion of curing {unknown}
 j - 2 potions of might
 k - a potion of mutation {unknown}
 n - 2 potions of haste
 t - 2 potions of enlightenment
 u - a potion of berserk rage
 v - a potion of attraction {unknown}
 x - a potion of brilliance {unknown}


   Skills:
 - Level 1.5 Dodging
 - Level 2.4 Stealth
 + Level 7.2 Spellcasting
 - Level 7.2 Necromancy
 - Level 4.0 Invocations


You had 17 spell levels left.
You knew the following spells:

 Your Spells              Type           Power      Damage    Failure   Level
a - Necrotise             Necr           100%       1d9       1%          1
b - Vampiric Draining     Necr           30%        2d8       1%          3

Your spell library contained the following spells:

 Spells                   Type           Power      Damage    Failure   Level
 Sublimation of Blood     Necr           30%        N/A       1%          2
 Animate Dead             Necr           30%        N/A       6%          4
 Apportation              Tloc           12%        N/A       12%         1
 Magic Dart               Conj           24%        1d4       12%         1
 Sting                    Conj/Alch      24%        1d4       12%         1
 Summon Small Mammal      Summ           24%        N/A       12%         1
 Curse of Agony           Necr           30%        N/A       16%         5
 Blink                    Tloc           12%        N/A       17%         2
 Call Imp                 Summ           12%        N/A       17%         2
 Martyr's Knell           Necr/Summ      18%        N/A       26%         4
 Leda's Liquefaction      Alch/Erth      3%         N/A       75%         4
 Petrify                  Alch/Erth      6%         N/A       75%         4
 Irradiate                Conj/Alch      3%         3d12      97%         5
 Lee's Rapid Deconstruct  Erth           3%         3d5*      97%         5
 Bombard                  Conj/Erth      3%         9d1       100%        6


Dungeon Overview and Level Annotations

Branches:
Dungeon (6/15)             Temple (0/1) D:5

Altars:
Ashenzari
Hepliaklqana
Kikubaaqudgha
Okawaru

Shops:
D:5 ??!

Annotations:
D:4 1 runed translucent door, Crazy Yiuf


Innate Abilities, Weirdness & Mutations

Your life essence is reduced to manifest your ancestor. (-10% HP)
You have razor-sharp teeth.
Your natural rate of healing is unusually fast.
When hurt, damage is shared between your health and your magic reserves.
Your bite disrupts and absorbs the magic of your enemies.
Potions cannot restore your health.


Message History

Aiming: Necrotise (safe; 1% risk of failure)
Press: ? - help, Shift-Dir - straight line, f/p - orc priest
Aim: an orc priest, wielding a +0 mace (severely wounded, chance to affect: 83%)
The orc priest writhes in agony.
You kill the orc priest!
The dead are walking!
Your orc wizard skeleton burns!
The adder bites your orc wizard skeleton.
Your orc wizard skeleton hits the bombardier beetle but does no damage.
Something hits you.
Casting: Necrotise (safe; 1% risk of failure)
Confirm with . or Enter, or press ? or * to list all spells.
You can't see any susceptible monsters within range! (Use Z to cast anyway.) Unknown command.
Your orc wizard skeleton burns!
Your orc wizard skeleton is destroyed!
The bombardier beetle sprays incendiary fluid at you.
The burning spray hits you.
You are covered in liquid fire!
Something hits you. The adder bites you.
You hit the bombardier beetle. You bite the bombardier beetle.
You drain its power.
You feel invigorated.
The bombardier beetle is moderately wounded.
The liquid fire burns you! The adder bites you.
Something hits you but does no damage.
You hit something but do no damage. The liquid fire burns you!
The adder bites you.
You are poisoned.
The adder poisons you! The bombardier beetle bites you.
* * * LOW HITPOINT WARNING * * *
Something hits you.
You shake off some of the fire as you move.
The liquid fire burns you!
* * * LOW HITPOINT WARNING * * *
x2 You feel sick.
Your orc priest skeleton barely misses something.
The bombardier beetle attacks as it pursues you!
The bombardier beetle bites you.
You die...

..... #...## ##....
####....# ........# #
##.....# ## ##..Z.B.# ##.
###...#)S@# ##..
#.....).### #### ##...
#.#####...######..####....
###...........##.###
########....##.# # ###
###...#.# # ######.#
#...#.###
#....#<#######.......
#.88.#.....###....##.


You could see a bombardier beetle, an adder and a friendly orc priest skeleton.

Vanquished Creatures
  An ice beast (D:6)
  2 black bears
  2 ogres (D:5)
  A kobold brigand (D:6)
  A bullfrog (D:5)
  A scorpion (D:5)
  3 hounds
  A bombardier beetle (D:5)
  2 jellies
  An orc priest (D:6)
  Ijyb (D:3)
  2 iguanas (D:5)
  4 orc wizards
  6 adders
  An ufetubus (D:5)
  A ribbon worm (D:5)
  13 orcs
  A bat (D:1)
  3 endoplasms
  4 giant cockroaches (D:1)
  10 goblins
  5 hobgoblins
  2 quokkas
  7 ball pythons
  4 frilled lizards
  3 frilled lizard zombies (D:4)
  11 kobolds
  5 rats
98 creatures vanquished.

Vanquished Creatures (collateral kills)
  An ice beast (D:5)
  An orc wizard (D:6)
  An ufetubus (D:5)
  An orc (D:5)
  2 kobolds (D:6)
6 creatures vanquished.

Vanquished Creatures (others)
  3 ancestors
3 creatures vanquished.

Grand Total: 107 creatures vanquished

Notes
Turn   | Place    | Note
-------+----------+-------------------------------------------
     0 | D:1      | stipulation the Vine Stalker Necromancer began the quest
                  | for the Orb.
     0 | D:1      | Reached XP level 1. HP: 9/9 MP: 4/4
   135 | D:1      | Reached XP level 2. HP: 13/13 MP: 4/6
   759 | D:1      | Reached XP level 3. HP: 16/16 MP: 6/8
  1630 | D:2      | Reached XP level 4. HP: 21/21 MP: 6/10
  1889 | D:3      | Learned a level 3 spell: Vampiric Draining
  2287 | D:3      | Noticed Ijyb
  2297 | D:3      | Killed Ijyb
  2298 | D:3      | Reached skill level 5 in Necromancy
  2308 | D:3      | Noticed a black bear
  2436 | D:3      | Reached XP level 5. HP: 24/24 MP: 2/12
  2678 | D:3      | Killed a black bear
  2679 | D:3      | Reached XP level 6. HP: 28/28 MP: 5/14
  2820 | D:3      | Found a hazy altar of Hepliaklqana.
  2845 | D:3      | Became a worshipper of Hepliaklqana the Forgotten
  3004 | D:4      | Noticed a steam dragon
  3340 | D:4      | Found an ancient bone altar of Kikubaaqudgha.
  3686 | D:4      | Noticed a black bear
  3696 | D:4      | Killed a black bear
  3697 | D:4      | Reached skill level 5 in Spellcasting
  3697 | D:4      | Reached skill level 1 in Invocations
  3886 | D:4      | Found a runed translucent door.
  3887 | D:4      | Noticed Crazy Yiuf
  4035 | D:5      | Entered Level 5 of the Dungeon
  4041 | D:5      | Reached * piety under Hepliaklqana
  4041 | D:5      | Noticed an ice beast
  4045 | D:5      | Reached XP level 7. HP: 28/28 MP: 9/15
  4130 | D:5      | Found Wuss's Magic Scroll Shop.
  4136 | D:5      | HP: 1/28 [ogre/+0 giant spiked club (27)]
  4290 | D:5      | Bought a scroll of amnesia for 56 gold pieces
  4290 | D:5      | Bought a scroll of identify for 28 gold pieces
  4290 | D:5      | Bought a scroll of identify for 28 gold pieces
  4384 | D:5      | Found a staircase to the Ecumenical Temple.
  4576 | D:5      | Found Porhiet's Magic Scroll Shop.
  4582 | D:5      | Bought a scroll of noise for 13 gold pieces
  4709 | D:5      | Gained mutation: You have razor-sharp teeth. [Vine Stalker
                  | growth]
  4709 | D:5      | Reached XP level 8. HP: 31/32 MP: 12/18
  4771 | D:5      | Found Adahot's Distillery.
  4780 | D:5      | Bought a potion of berserk rage for 55 gold pieces
  4780 | D:5      | Bought a potion of might for 44 gold pieces
  5329 | D:6      | Found a broken altar of Ashenzari.
  5543 | D:6      | Found an iron altar of Okawaru.
  5738 | D:6      | HP: 1/32 [poisoned by an adder]
  5738 | D:6      | Slain by a bombardier beetle

Illustrated notes

Levels and vault maps discovered:
D:1:      minmay_arrival_five_plusses, layout_basic, minmay_tetromino_l2
D:2:      layout_basic, minmay_misc_feat_enclosed
D:3:      layout_basic, worldfamousw_hep_ancestral_shrine,
          chequers_serial_rivers_micro_c, uniq_ijyb
D:4:      black_bear_nest_1, layout_loops_ring,
          lemuel_zombie_altar_kikubaaqudgha, minmay_misc_feat_chi,
          uniq_crazy_yiuf_cottage
D:5:      layout_gridville, minmay_temple_entry_statues_pillars, serial_shops,
          shop, shop, shop, bh_walls_and_bars
D:6:      minmay_chambers_of_fours, layout_rooms,
          mainiacjoe_overflow_concentric_impassable,
          nicolae_ashenzari_panopticon, ebering_ghost_disaster_area

Skill      XL: |  1  2  3  4  5  6  7  8 |
---------------+-------------------------+-----
Spellcasting   | 3 4 5 6 7 |  7.2
Necromancy     | 5 6 7 |  7.2
Invocations    | 1 3 4 |  4.0
Dodging        | |  1.5
Stealth        | |  2.4

Action                     |  1- 3 |  4- 6 |  7- 9 || total
---------------------------+-------+-------+-------++-------
  Melee: Unarmed           |    21 |       |       ||    21
         Bite              |    12 |     9 |     6 ||    27
         Dagger            |    22 |    30 |    11 ||    63
   Cast: Necrotise         |    50 |    66 |    85 ||   201
         Vampiric Draining |       |    10 |     5 ||    15
 Invoke: Ancestor Identity |       |       |     1 ||     1
  Evoke: Wand              |       |     2 |       ||     2
    Use: Scroll            |     1 |     2 |     6 ||     9
         Potion            |       |     1 |       ||     1
 Armour: Robe              |    25 |    38 |    39 ||   102
  Dodge: Dodged            |    37 |    24 |    26 ||    87
